 Dungeon Crawl Stone Soup version 0.30-a0-802-gb92711bcdf (webtiles) character file.

Game seed: 15201111571009664524

34824 jlumianski the Cleaver (level 13, 0/101 HPs)
             Began as a Demonspawn Fighter on Feb 24, 2023.
             Was a Priest of Qazlal.
             Slain by a lindwurm (8 damage)
             ... on level 5 of the Lair of Beasts.
             The game lasted 01:01:04 (12998 turns).

jlumianski the Cleaver (Demonspawn Fighter)        Turns: 12998, Time: 01:01:04

Health: 0/101      AC: 29    Str: 21    XL:     13   Next: 44%
Magic:  21/21      EV:  7    Int: 10    God:    Qazlal [***...]
Gold:   789        SH: 17    Dex: 13    Spells: 12/12 levels left

rFire   . . .      SeeInvis .    a - +0 war axe (freeze)
rCold   . . .      Faith    .    Q - +2 buckler {AC+3}
rNeg    . . .      Spirit   .    R - +0 plate armour
rPois   .          Reflect  +    (helmet unavailable)
rElec   .          Harm     .    (no cloak)
rCorr   .          Rampage  .    v - +1 pair of gloves
Will    .....                    o - +2 pair of boots Stlth
                                 P - amulet of reflection
HPRegen 0.36/turn                B - +4 ring of protection
MPRegen 0.17/turn                g - ring of flight

@: flying, studying Dodging
A: horns 3, molten scales 2, ignite blood 3, spiny 1
a: Renounce Religion, Upheaval, Elemental Force


You were on level 5 of the Lair of Beasts.
You worshipped Qazlal.
Qazlal was most pleased with you.
You visited 3 branches of the dungeon, and saw 15 of its levels.

You collected 943 gold pieces.
You spent 154 gold pieces at shops.

Inventory:

Hand Weapons
 a - a +0 war axe of freezing (weapon)
 O - a +4 trident
Missiles
 j - 11 boomerangs (quivered)
 J - 7 poisoned darts
 L - 4 boomerangs of dispersal
 M - a throwing net
Armour
 c - a +0 buckler
 i - +0 swamp dragon scales
 o - a +2 pair of boots (worn)
 v - a +1 pair of gloves (worn)
 Q - a +2 buckler of protection (worn)
 R - a +0 plate armour (worn)
Jewellery
 e - a ring of protection from fire
 g - a ring of flight (right hand)
 p - a ring of poison resistance
 s - the ring of the Will of the Gods {Wiz rC- Dex+3 SInv}
   (You took it off a gnoll on level 3 of the Dungeon)

   [ring of wizardry]

   It improves your spell success rate.
   Dex:       It affects your dexterity (+3).
   rC:        It makes you vulnerable to cold.
   SInv:      It lets you see invisible.
 w - an amulet of the acrobat
 B - a +4 ring of protection (left hand)
 C - a ring of protection from cold
 I - a ring of magical power
 N - an amulet of regeneration
 P - an amulet of reflection (around neck)
Wands
 t - a wand of roots (12)
 x - a wand of paralysis (23)
 A - a wand of flame (15)
 H - a wand of mindburst (21)
 S - a wand of light (11)
Scrolls
 k - 2 scrolls of blinking
 l - 2 scrolls of fog
 u - 2 scrolls of immolation
 y - a scroll of amnesia
 E - 3 scrolls of teleportation
 G - 2 scrolls of identify
 T - a scroll of brand weapon
Potions
 b - 2 potions of degeneration
 d - 2 potions of heal wounds
 f - a potion of haste
 h - 7 potions of curing
 m - a potion of mutation
 q - 2 potions of flight
 r - a potion of invisibility
 z - a potion of resistance
 F - a potion of berserk rage
 K - a potion of brilliance
Miscellaneous
 n - a box of beasts
 D - a piece from Xom's chessboard (15/15)


   Skills:
 + Level 9.2 Fighting
 + Level 12.3 Axes
 + Level 0.5(7.8) Polearms
 - Level 2.3 Throwing
 + Level 8.7 Armour
 + Level 3.3 Dodging
 + Level 3.1 Stealth
 + Level 8.3 Shields
 * Level 10.6 Invocations
 * Level 7.3 Evocations


You had 12 spell levels left.
You didn't know any spells.
Your spell library contained the following spells:

 Spells                   Type           Power      Damage    Failure   Level
 Apportation              Tloc           0%         N/A       100%        1
 Freeze                   Ice            0%         1d3       100%        1
 Necrotise                Necr           0%         1d4       100%        1
 Sting                    Tmut/Pois      0%         1d3       100%        1
 Summon Small Mammal      Summ           0%         N/A       100%        1
 Blink                    Tloc           0%         N/A       100%        2
 Poisonous Vapours        Pois/Air       0%         N/A       100%        2
 Dazzling Flash           Conj/Hex       0%         N/A       100%        3
 Frozen Ramparts          Ice            0%         1d1       100%        3
 Gell's Gravitas          Tloc           0%         N/A       100%        3
 Hailstorm                Conj/Ice       0%         3d3       100%        3
 Teleport Other           Tloc           0%         N/A       100%        3
 Vampiric Draining        Necr           0%         2d6       100%        3
 Iskenderun's Mystic Bla  Conj/Tloc      0%         2d3       100%        4
 Manifold Assault         Tloc           0%         N/A       100%        4
 Olgreb's Toxic Radiance  Pois           0%         N/A       100%        4
 Agony                    Necr           0%         N/A       100%        5
 Yara's Violent Unravell  Hex/Tmut       0%         3d3       100%        5
 Dispersal                Tloc           0%         N/A       100%        6
 Starburst                Conj/Fire      0%         6d3       100%        6
 Enfeeble                 Hex            0%         N/A       100%        7
 Storm Form               Tmut/Air       0%         N/A       100%        7


Dungeon Overview and Level Annotations

Branches:
Dungeon (9/15)             Temple (1/1) D:6            Lair (5/5) D:8
 Shoals (0/4) Lair:3       Spider (0/4) Lair:2        Slime (0/5) Lair:5
    Orc: D:9-12

Altars:
Ashenzari
Cheibriados
Dithmenos
Fedhas
Gozag
Kikubaaqudgha
Makhleb
Nemelex Xobeh
Okawaru
Qazlal
Sif Muna
Vehumet
Wu Jian
Xom

Shops:
D:3 *   D:6 :::

Annotations:
D:9 Amaemon


Innate Abilities, Weirdness & Mutations

You have a pair of large horns on your head.
You are mostly covered in molten scales. (AC +3)
Your demonic aura causes all spilled blood to erupt in flames.
You are partially covered in sharp spines.


Message History

The blast of flame hits you!! You block the lindwurm's attack. x2
The lindwurm claws you but does no damage.
You block the lindwurm's attack.
The lindwurm claws you but does no damage. x2
You block the lindwurm's attack.
The lindwurm claws you but does no damage. x2
You hit the lindwurm. You freeze the lindwurm.
The lindwurm is lightly wounded.
You barely miss the lindwurm. You closely miss the lindwurm.
The lindwurm barely misses you.
The lindwurm claws you but does no damage.
You block the lindwurm's attack. The lindwurm breathes flames at you.
The blast of flame misses you. The lindwurm is struck by your spines.
The lindwurm bites you but does no damage.
The lindwurm claws you. You block the lindwurm's attack.
You barely miss the lindwurm.
The lindwurm is lightly wounded.
You hit the lindwurm but do no damage. You slash the lindwurm!
You freeze the lindwurm. You block the lindwurm's attack.
The lindwurm completely misses you.
The lindwurm claws you but does no damage.
The lindwurm breathes flames at you. The blast of flame hits you.
The lindwurm is engulfed in blazing flames.
You block the lindwurm's attack. x3; The lindwurm bites you.
The lindwurm claws you but does no damage. x2
You slash the lindwurm! You freeze the lindwurm. You headbutt the lindwurm!
The lindwurm is severely wounded.
You hit the lindwurm. You freeze the lindwurm.
You hit the lindwurm but do no damage.
The lindwurm is engulfed in blazing flames.
The lindwurm breathes flames at you. The blast of flame hits you!!
* * * LOW HITPOINT WARNING * * *
The lindwurm is engulfed in blazing flames.
You block the lindwurm's attack. x3
The lindwurm is engulfed in blazing flames.
The lindwurm bites you!
You die...

## #...F≈§§§§§ §§§≈§§§....
##P###.§..≈≈≈≈≈. ### §.§≈§§≈§....
.......F..≈≈≈≈.. .!) #.§§§§≈.§...
...<.....≈§≈≈§.# )"} #.≈≈§≈≈§..)
.........≈≈≈≈≈.##$=<$##.≈≈≈≈§....
#.#......§§≈≈≈..#. k.#..≈≈≈§.....
.# ###....≈≈≈≈§..####..≈§≈≈≈.....
####.#....≈§≈§≈kkk##...≈§≈≈≈.....
.......P...≈§§§≈@k...≈≈≈§§≈......
...........§§§§○§°§§≈≈§§§§§......
...........§≈§≈≈§§§§≈≈≈≈§§.......
.............≈≈≈≈§§§§≈≈≈§§.......
#######.#......≈≈≈≈≈≈≈≈..........
# ##.#........≈≈.............
###.......................
#.................##.##.
##....######.#.#..####..


You could see 4 lindwurms.

Vanquished Creatures
  Gastronok (Lair:3)
  3 hydras
  2 catoblepae
  Erica (D:8)
  A boulder beetle (Lair:4)
  6 death yaks
  A skyshark (Lair:4)
  2 harpies (Lair:3)
  5 elephants (Lair:4)
  A torpor snail (Lair:5)
  2 black mambas (Lair:4)
  10 cane toads
  A rime drake (Lair:3)
  Maggie (D:8)
  An unseen horror (D:7)
  7 komodo dragons
  2 trolls (D:7)
  2 polar bears
  7 dream sheep (Lair:5)
  23 blink frogs
  A slime creature (D:7)
  Sigmund (D:5)
  3 culicivoras (Lair:2)
  16 yaks
  A steam dragon (D:7)
  A vampire mosquito (D:7)
  Edmund (D:6)
  3 wargs
  11 water moccasins
  5 hell hounds (Lair:5)
  2 sky beasts
  An orc warrior (D:6)
  7 black bears
  2 ice beasts
  5 wolves
  3 centaurs
  A phantom (D:6)
  2 necrophages
  8 bullfrogs
  2 scorpions
  8 wights
  5 killer bees
  A howler monkey (D:4)
  2 electric eels (Lair:4)
  3 hounds
  5 jellies
  6 orc priests
  A gnoll bouda (D:6)
  Ijyb (D:5)
  3 iguanas
  Natasha (thrice) (D:4)
  5 orc wizards
  15 gnolls
  5 adders
  A white imp (D:7)
  2 worms (D:2)
  3 dart slugs
  22 orcs
  6 bats
  12 endoplasms
  4 giant cockroaches
  7 goblins
  7 hobgoblins
  4 kobolds
  7 quokkas
  10 ball pythons
  2 frilled lizards (D:2)
  2 rats
307 creatures vanquished.

Vanquished Creatures (collateral kills)
  A death yak (Lair:5)
1 creature vanquished.

Vanquished Creatures (others)
  An adder (D:5)
  5 fungi
  21 plants
27 creatures vanquished.

Grand Total: 335 creatures vanquished

Notes
Turn   | Place    | Note
-------+----------+-------------------------------------------
     0 | D:1      | jlumianski the Demonspawn Fighter began the quest for the
                  | Orb.
     0 | D:1      | Reached XP level 1. HP: 18/18 MP: 1/1
   127 | D:1      | Gained mutation: Your demonic aura sometimes causes spilled
                  | blood to erupt in flames. [demonic ancestry]
   127 | D:1      | Reached XP level 2. HP: 24/24 MP: 2/2
   221 | D:1      | Reached skill level 2 in Axes
   557 | D:2      | Gained mutation: You are partially covered in sharp spines.
                  | [demonic ancestry]
   557 | D:2      | Reached XP level 3. HP: 18/29 MP: 3/3
  1269 | D:3      | Gained mutation: You have a pair of small horns on your
                  | head. [demonic ancestry]
  1269 | D:3      | Reached XP level 4. HP: 35/35 MP: 4/4
  1333 | D:2      | Reached skill level 3 in Axes
  1543 | D:2      | Gained mutation: You have a pair of horns on your head.
                  | [demonic ancestry]
  1543 | D:2      | Reached XP level 5. HP: 42/42 MP: 5/5
  1593 | D:3      | Found Maica's Assorted Antiques.
  1599 | D:3      | Bought a scroll of identify for 44 gold pieces
  1599 | D:3      | Bought a scroll of identify for 44 gold pieces
  1599 | D:3      | Bought a potion of curing for 66 gold pieces
  1664 | D:3      | Identified the ring of the Will of the Gods {Wiz rC- Dex+3
                  | SInv}
  1839 | D:3      | Reached skill level 4 in Axes
  2219 | D:3      | Reached XP level 6. HP: 23/48 MP: 6/6
  2378 | D:4      | Reached skill level 1 in Dodging
  2578 | D:4      | Noticed Natasha
  2582 | D:4      | Killed Natasha
  2743 | D:4      | Noticed Natasha
  2746 | D:4      | Killed Natasha
  3165 | D:4      | Noticed Natasha
  3169 | D:4      | Killed Natasha
  3285 | D:5      | Entered Level 5 of the Dungeon
  3293 | D:4      | Reached skill level 5 in Axes
  3293 | D:4      | Gained mutation: You are partially covered in molten
                  | scales. (AC +2) [demonic ancestry]
  3293 | D:4      | Reached XP level 7. HP: 48/54 MP: 7/7
  3426 | D:5      | Reached skill level 1 in Throwing
  3433 | D:5      | Reached skill level 1 in Stealth
  3494 | D:5      | Noticed Sigmund
  3509 | D:5      | Killed Sigmund
  3698 | D:5      | Gained mutation: Your demonic aura often causes spilled
                  | blood to erupt in flames. [demonic ancestry]
  3698 | D:5      | Reached XP level 8. HP: 61/61 MP: 8/8
  3804 | D:5      | Reached skill level 6 in Axes
  3883 | D:5      | Noticed Ijyb
  3919 | D:5      | Killed Ijyb
  4149 | D:4      | Reached skill level 5 in Fighting
  4360 | D:5      | Reached skill level 5 in Armour
  4437 | D:6      | Found Plog's Book Shoppe.
  4642 | D:6      | Found a staircase to the Ecumenical Temple.
  4671 | Temple   | Entered the Ecumenical Temple
  4935 | D:6      | Found Xolo's Book Shop.
  4961 | D:6      | Found a sparkling altar of Nemelex Xobeh.
  4970 | D:6      | Found a shadowy altar of Dithmenos.
  5168 | D:6      | Reached skill level 7 in Axes
  5289 | D:6      | Noticed Edmund
  5297 | D:6      | Killed Edmund
  5360 | D:6      | Gained mutation: You have a pair of large horns on your
                  | head. [demonic ancestry]
  5360 | D:6      | Reached XP level 9. HP: 56/69 MP: 9/9
  5532 | D:6      | Found Dyapniatz's Book Shoppe.
  5798 | D:7      | Reached skill level 8 in Axes
  5849 | D:7      | Found an iron altar of Okawaru.
  5849 | D:7      | Found a stormy altar of Qazlal.
  5854 | D:7      | Became a worshipper of Qazlal Stormbringer
  6061 | D:7      | Reached skill level 1 in Invocations
  6087 | D:7      | Noticed a komodo dragon
  6091 | D:7      | Killed a komodo dragon
  6093 | D:7      | Noticed a troll
  6105 | D:7      | Killed a troll
  6110 | D:7      | Reached skill level 9 in Axes
  6357 | D:7      | Reached XP level 10. HP: 77/77 MP: 12/12
  6372 | D:7      | Noticed a deep elf pyromancer
  6876 | D:8      | Noticed Erica
  6886 | D:8      | Killed Erica
  6887 | D:8      | Reached skill level 1 in Evocations
  7115 | D:8      | Found a staircase to the Lair.
  7224 | D:8      | Noticed Maggie
  7232 | D:8      | Killed Maggie
  7298 | D:9      | Noticed Amaemon
  7298 | D:9      | Noticed an orange demon
  7326 | Lair:1   | Entered Level 1 of the Lair of Beasts
  7344 | Lair:1   | Reached skill level 5 in Invocations
  7427 | Lair:1   | Noticed a cane toad
  7437 | Lair:1   | Killed a cane toad
  7658 | Lair:1   | Reached * piety under Qazlal
  7659 | Lair:1   | Reached skill level 5 in Shields
  7661 | Lair:1   | Reached skill level 10 in Axes
  7861 | Lair:1   | Noticed a cane toad
  7866 | Lair:1   | Killed a cane toad
  8410 | Lair:2   | Noticed a cane toad
  8415 | Lair:2   | Killed a cane toad
  8589 | Lair:2   | Found a hole to the Spider Nest.
  8622 | Lair:2   | Gained mutation: You are mostly covered in molten scales.
                  | (AC +3) [demonic ancestry]
  8622 | Lair:2   | Reached XP level 11. HP: 58/85 MP: 15/15
  9378 | Lair:3   | Noticed Gastronok
  9389 | Lair:3   | Killed Gastronok
  9627 | Lair:3   | Found a staircase to the Shoals.
  9627 | Lair:3   | Noticed a harpy
  9627 | Lair:3   | Noticed a harpy
  9634 | Lair:3   | Killed a harpy
  9637 | Lair:3   | Killed a harpy
  9788 | Lair:3   | Reached skill level 11 in Axes
 10113 | Lair:4   | Reached skill level 5 in Evocations
 10136 | Lair:4   | Noticed a boulder beetle
 10151 | Lair:4   | Gained mutation: Your demonic aura causes all spilled blood
                  | to erupt in flames. [demonic ancestry]
 10151 | Lair:4   | Reached XP level 12. HP: 88/93 MP: 18/18
 10187 | Lair:4   | Killed a boulder beetle
 10379 | Lair:4   | Noticed a six-headed hydra
 10410 | Lair:3   | Killed a six-headed hydra
 10752 | Lair:4   | Noticed a catoblepas
 10766 | Lair:4   | Killed a catoblepas
 11134 | Lair:4   | Noticed an eight-headed hydra
 11135 | Lair:4   | Noticed a death yak
 11138 | Lair:4   | Reached ** piety under Qazlal
 11144 | Lair:4   | Killed an eight-headed hydra
 11152 | Lair:4   | Killed a death yak
 11758 | Lair:5   | Entered Level 5 of the Lair of Beasts
 12064 | Lair:5   | Reached skill level 10 in Invocations
 12099 | Lair:5   | Reached XP level 13. HP: 91/100 MP: 20/20
 12307 | Lair:5   | Reached skill level 12 in Axes
 12308 | Lair:5   | Reached *** piety under Qazlal
 12313 | Lair:5   | Found a staircase to the Slime Pits.
 12998 | Lair:5   | Slain by a lindwurm

Illustrated notes

Levels and vault maps discovered:
D:1:      minmay_arrival_stair_chambers, layout_rooms
D:2:      layout_rooms
D:3:      layout_basic, serial_shops, shop
D:4:      layout_basic, serial_bayou_lagoon_b, uniq_natasha
D:5:      layout_rooms, uniq_sigmund, uniq_ijyb
D:6:      layout_gridville, mainiacjoe_overflow_swirl, temple_pool_b,
          serial_shops, shop, shop_fountains, shop, uniq_edmund
D:7:      minmay_the_grid_octo_triangle [minmay_the_grid_octo_teeth,
          minmay_the_grid_octo_prize_single_spiral, minmay_the_grid_octo_chip],
          layout_cave_pods, gammafunk_temple_overflow_wave
D:8:      layout_basic, lair_entry_dummy, uniq_erica, uniq_maggie
D:9:      layout_cross, mainiacjoe_overflow_concentric_impassable,
          nicolae_ru_sacrificial_ziggurat, uniq_amaemon, uniq_maurice, uniq_grum
Temple:   nicolae_temple_god_jail
Lair:1:   layout_misc_corridors, eino_small_chamber_without_monster,
          chequers_serial_rivers_marsh
Lair:2:   layout_gridlike, hellmonk_spider_entry_life_and_decay
Lair:3:   layout_loops_ring, nicolae_shoals_entry_roost, uniq_gastronok
Lair:4:   nzn_winding_woodlands_three_and_one
          [nzn_winding_woodlands_5x15_sidewinder,
          nzn_winding_woodlands_5x15_split_checker,
          nzn_winding_woodlands_5x15_river_crossing,
          nzn_winding_woodlands_center_triple_pond], layout_regular_city,
          st_stairs_3, serial_bayou_pond_a
Lair:5:   hangedman_lair_caniforms_friends, layout_long_grid,
          nicolae_slime_entry_slimehenge, minmay_lindwurm_lava

Skill      XL: |  1  2  3  4  5  6  7  8  9 10 11 12 13 |
---------------+----------------------------------------+-----
Axes           | 2 3 4 5 7 9 10 11 12 | 12.3
Armour         | 3 4 5 6 7 8 |  8.7
Shields        | 3 4 5 6 7 8 |  8.3
Dodging        | 1 2 3 |  3.3
Fighting       | 4 5 6 7 8 9 |  9.2
Throwing       | 1 2 |  2.3
Stealth        | 1 3 |  3.1
Invocations    | 3 5 8 10 | 10.6
Evocations     | 3 5 6 7 |  7.3
Polearms       | |  0.5

Action                     |  1- 3 |  4- 6 |  7- 9 | 10-12 | 13-15 || total
---------------------------+-------+-------+-------+-------+-------++-------
  Melee: War axe           |    81 |   101 |   179 |   346 |    85 ||   792
         Headbutt          |       |    17 |    36 |    84 |    21 ||   158
         Trident           |       |       |       |     8 |     4 ||    12
  Throw: Stone             |     3 |       |       |       |       ||     3
         Boomerang         |     2 |     5 |    30 |     5 |       ||    42
 Invoke: Elemental Force   |       |       |       |       |     1 ||     1
  Evoke: Wand              |       |       |     1 |       |       ||     1
         Piece from Xom's  |       |       |       |     1 |       ||     1
    Use: Scroll            |     3 |     4 |     8 |     5 |       ||    20
         Potion            |       |       |     3 |     6 |       ||     9
   Stab: Petrified         |       |       |       |       |    11 ||    11
         Petrifying        |       |       |       |       |     1 ||     1
 Armour: Scale mail        |    37 |    52 |    16 |       |       ||   105
         Ring mail         |       |       |    30 |       |       ||    30
         Chain mail        |       |       |    22 |       |       ||    22
         Plate armour      |       |       |    52 |   204 |    69 ||   325
  Dodge: Dodged            |    36 |    41 |    65 |    77 |    21 ||   240
  Block: Buckler           |    14 |    18 |    72 |   227 |   111 ||   442

Table legend: (Time is in decaauts)
 A = Elapsed time spent in this place.
 B = Non-inter-level travel time spent in this place.
 C = Inter-level travel time spent in this place.
 D = Time resting spent in this place.
 E = Time spent auto-exploring this place.
 F = Levels seen in this place.
 G = Mean time per level.
                   A        B        C        D        E       F      G
               +--------+--------+--------+--------+--------+-----+--------+
         Total |  13188 |  12973 |    215 |   1895 |   7034 |  15 |  879.2 |
       Dungeon |   7392 |   7287 |    105 |    922 |   3832 |   9 |  821.3 |
        Temple |    109 |    109 |      0 |      0 |     28 |   1 |  109.0 |
          Lair |   5686 |   5577 |    109 |    973 |   3174 |   5 | 1137.2 |
               +--------+--------+--------+--------+--------+-----+--------+

Top non-repeatable levels by time:
  Lair:4: 2036 daAuts
     D:4: 1339 daAuts
     D:6: 1175 daAuts
     D:7: 1163 daAuts
     D:3: 1111 daAuts
  Lair:1: 966 daAuts
  Lair:3: 918 daAuts
  Lair:2: 888 daAuts
  Lair:5: 876 daAuts
     D:2: 848 daAuts
     D:5: 778 daAuts
     D:1: 510 daAuts
     D:8: 461 daAuts
  Temple: 109 daAuts
     D:9: 4 daAuts
